 Dungeon Crawl Stone Soup version 0.22-a0-605-g9281fa2 (webtiles) character file.

3 Amnesiac the Ducker (level 1, -3/9 HPs)
             Began as a Spriggan Transmuter on July 8, 2018.
             Slain by a kobold
             ... wielding a +0 short sword
              (5 damage)
             ... on level 1 of the Dungeon.
             The game lasted 00:00:22 (93 turns).

Amnesiac the Ducker (Spriggan Transmuter)             Turns: 93, Time: 00:00:22

Health: -3/9       AC:  2    Str:  6    XL:     1   Next: 41%
Magic:  4/5        EV: 18    Int: 14    God:
Gold:   0          SH:  0    Dex: 16    Spells: 4/5 levels left

rFire    . . .     SeeInvis +     - Unarmed
rCold    . . .     Gourm    .   (shield restricted)
rNeg     . . .     Faith    .   b - +0 robe
rPois    .         Spirit   .   (helmet restricted)
rElec    .         Reflect  .   (no cloak)
rCorr    .         Harm     .   (gloves unavailable)
MR       .....                  (boots unavailable)
Stlth    +.........             (no amulet)
HPRegen  0.03/turn              (no ring)
MPRegen  0.09/turn              (no ring)

@: appendage (expiring), very quick
A: very small, unfitting armour, talons 3, see invisible, herbivore, speed 3,
slow metabolism 2
a: End Transformation


You were on level 1 of the Dungeon.
You were not hungry.
You had grown temporary talons.
You visited 1 branch of the dungeon, and saw 1 of its levels.

Inventory:

Missiles
 a - 12 arrows
Armour
 b - a +0 robe (worn)
Potions
 c - 2 potions of flight {!q, unknown}
 e - a potion of brilliance {!q, unknown}
 f - a potion of invisibility {!q, unknown}
Comestibles
 d - a ration


   Skills:
 + Level 0.8 Fighting
 + Level 3.1 Dodging
 + Level 2.4 Unarmed Combat
 + Level 2.7 Spellcasting
 + Level 2.8 Transmutations


You had 4 spell levels left.
You knew the following spells:

 Your Spells              Type           Power        Failure   Level  Hunger
a - Beastly Appendage     Tmut           #.....       7%          1    #......

Your spell library contained the following spells:

 Spells                   Type           Power        Failure   Level  Hunger
 Spider Form              Tmut/Pois      #.........   36%         3    ###....
 Blade Hands              Tmut           #.........   88%         5    ######.
 Ice Form                 Ice/Tmut       #.......     77%         4    #####..
 Sticks to Snakes         Tmut           #.......     11%         2    ###....


Dungeon Overview and Level Annotations

Branches:
Dungeon (1/15)

Altars:


Innate Abilities, Weirdness & Mutations

You are very small and have problems with some larger weapons.
You are too small for most types of armour.
You have supernaturally acute eyesight. (SInv)
You are a herbivore.
You cover ground extremely quickly.
You need to consume almost no food.
You have claws for feet.


Message History

c - 2 blue potions {!q} (gained 1)
Found an escape hatch in the floor.
e - a metallic dark potion {!q}
Found 23 stones.
There is an escape hatch in the floor here.
A goblin comes into view. It is wielding a dagger.
The goblin shouts!
A goblin is nearby!
Casting: Beastly Appendage (safe; 8% risk of failure)
Confirm with . or Enter, or press ? or * to list all spells.
You miscast Beastly Appendage.
You are very lightly contaminated with residual magic.
Waves of light ripple over your body. The goblin misses you.
Casting: Beastly Appendage (safe; 8% risk of failure)
Confirm with . or Enter, or press ? or * to list all spells.
Your feet morph into talons.
The goblin hits you but does no damage.
Unknown command.
You hit the goblin.
You kill the goblin!
No target in view!
No target in view!
Found a lumpy amethyst potion and 22 stones.
Things that are here:
a dagger; a goblin corpse
f - a lumpy amethyst potion {!q} A giant cockroach comes into view.
A giant cockroach is nearby!
A rat comes into view.
You see here 22 stones.
A rat comes into view.
A kobold comes into view. It is wielding a short sword.
The kobold shouts!
Found a stone staircase leading down.
You hit the rat but do no damage.
Your transformation is almost over.
The rat completely misses you.
You hit the giant cockroach. You claw the giant cockroach.
The giant cockroach is severely wounded.
The rat barely misses you. The giant cockroach barely misses you.
You hit the giant cockroach.
You kill the giant cockroach!
The rat bites you. The kobold completely misses you.
Casting: Beastly Appendage (safe; 7% risk of failure)
Confirm with . or Enter, or press ? or * to list all spells.
You extend your transformation's duration.
Your magical contamination has completely faded away.
You hit the rat.
The rat is severely wounded.
The rat misses you.
The rat twitches its whiskers.
You barely miss the rat.
The rat is severely wounded.
The rat closely misses you.
You barely miss the rat.
You kill the rat!
You miss the kobold. The kobold hits you with a short sword.
You closely miss the kobold. The kobold hits you with a short sword.
* * * LOW HITPOINT WARNING * * *
You hit the kobold but do no damage.
Your transformation is almost over.
The kobold hits you with a short sword.
Ouch! That really hurt!
You die...

#........###....##
#........# ##.....
##........##
####..
#....>.....# ###
#...(......#
##.##.######
#.)..# #.#### #@#
#K# #r#
########.###
...........#
.......(.#.#
.####....#.#
.........# #
.####.†..#


You could see a kobold and a rat.

Vanquished Creatures
  A giant cockroach (D:1)
  A goblin (D:1)
  A rat (D:1)
3 creatures vanquished.

Notes
Turn   | Place    | Note
-------+----------+-------------------------------------------
     0 | D:1      | Amnesiac the Spriggan Transmuter began the quest for the Orb.
     0 | D:1      | Reached XP level 1. HP: 9/9 MP: 5/5
    93 | D:1      | Slain by a kobold

Vault maps used:
D:1:      dpeg_arrival_snail, minmay_misc_feat_secret_circle

Action                   || total
-------------------------++-------
Melee: Unarmed           ||    10
       Kick              ||     3
 Cast: Beastly Appendage ||     2
Dodge: Dodged            ||     7

Table legend:
 A = Spawn XP
 B = Non-spawn XP
 C = Spawn XP percentage of total XP
 D = Spawn monster count
 E = Non-spawn monster count
 F = Spawn count percentage of total count
 G = Total turns spent on level
                    A         B        C        D         E        F      G
               +---------+---------+-------+---------+---------+-------+---------
         Total |       0 |       5 |   0.0 |       0 |       3 |   0.0 |    93
               +---------+---------+-------+---------+---------+-------+---------
           D:1 |       0 |       5 |   0.0 |       0 |       3 |   0.0 |    93
               +---------+---------+-------+---------+---------+-------+---------
